 Dungeon Crawl Stone Soup version 0.13-a0-2485-g242ae62 (webtiles) character file.

158 JogiH the Vexing (level 3, 0/27 HPs)
             Began as a Djinni Enchanter on July 21, 2013.
             Slain by an orc
             ... wielding a +0,+0 orcish trident
              (8 damage)
             ... on Level 3 of the Dungeon.
             The game lasted 00:08:21 (2182 turns).

JogiH the Vexing (Djinni Enchanter)                 Turns: 2182, Time: 00:08:21

HP   0/27        AC  3     Str  8      XL: 3   Next: 91%
MP   0/0         EV 13     Int 16      God:
Gold 94          SH  0     Dex 13      Spells:  4 memorised,  0 levels left

Res.Fire  : + + +   See Invis. : .   a - +1 dagger {=f}
Res.Cold  : x . .   Warding    : .   b - +1 robe
Life Prot.: + + +   Conserve   : .   (no shield)
Res.Poison: .       Res.Corr.  : .   (no helmet)
Res.Elec. : .       Clarity    : .   (no cloak)
Sust.Abil.: . .     Spirit.Shd : .   (no gloves)
Res.Mut.  : .       Stasis     : .   (boots unavailable)
Res.Rott. : .       Flight     : .   (no amulet)
Saprovore : . . .                    (no ring)
                                     (no ring)

@: not resistant to hostile enchantments, unstealthy
A: no striking features
a: no special abilities


You were on level 3 of the Dungeon.
You were not hungry.

You visited 1 branch of the dungeon, and saw 3 of its levels.

You collected 74 gold pieces.

Inventory:

Hand weapons
 a - a +1,+1 dagger (weapon) {=f}
Missiles
 d - 12 darts (quivered)
Armour
 b - a +1 robe (worn)
 e - a +0 cap
Scrolls
 f - a scroll of identify {unknown}
 g - a scroll of magic mapping {unknown}
 i - a scroll of remove curse {unknown}
 j - a scroll of enchant weapon I {unknown}
 l - a scroll of recharging {unknown}
Potions
 h - 7 potions of curing {unknown}
 k - a potion of brilliance {unknown}
 n - a potion of beneficial mutation {unknown}
Books
 c - a book of Maledictions

   Spells                             Type                      Level
   *Corona                            Hexes                        1
   *Sure Blade                        Hexes/Charms                 2
   Ensorcelled Hibernation            Hexes/Ice                    2
   Confuse                            Hexes                        3
   Enslavement                        Hexes                        4
   Invisibility                       Hexes                        6
 m - a book of Cantrips

   Spells                             Type                      Level
   Confusing Touch                    Hexes                        1
   *Animate Skeleton                  Necromancy                   1
   *Summon Small Mammal               Summoning                    1
   Apportation                        Translocation                1


   Skills:
 * Level 1.1 Fighting
 - Level 1.0 Short Blades
 - Level 0.8 Throwing
 + Level 2.7 Dodging
 + Level 1.7 Stealth
 * Level 1.9 Spellcasting
 + Level 4.1 Hexes


You couldn't memorise any spells.
You knew the following spells:

 Your Spells              Type           Power        Failure   Level  Hunger
a - Corona                Hex            ##.....      4%          1    #......
b - Sure Blade            Hex/Chrm       #.........   14%         2    ###....
c - Summon Small Mammal   Summ           #...         24%         1    #......
d - Animate Skeleton      Necr           N/A          24%         1    #......


Dungeon Overview and Level Annotations

Branches:
Dungeon (3/27)

Altars:

Annotations
D:2 Sigmund


Message History

The orc barely misses you. The kobold hits you with a club.
You hit the orc but do no damage.
The orc is moderately wounded.
The orc closely misses you. The kobold hits you with a club.
* * * LOW HITPOINT WARNING * * *
You barely miss the orc.
The orc is moderately wounded.
The orc barely misses you.
You hit the orc but do no damage.
The orc is moderately wounded.
The kobold hits you with a club.
* * * LOW HITPOINT WARNING * * *
You hit the orc but do no damage.
The orc is moderately wounded.
The orc misses you. The kobold hits you but does no damage.
You hit the orc.
The orc is almost dead.
The kobold barely misses you.
The orc hits you with an orcish trident!
You die...

##+### #..... #.....
##.....
....!..K#################
.......o@zz.........%..>.
........#####...##...##..
..##### ###.##[..##..
..##...##.. ##.##...##..
#.##...##.. #.##...+...
#.##...##.. #.####.##.#


You could see an orc, a kobold, a friendly giant gecko skeleton and a friendly
hobgoblin skeleton.

Vanquished Creatures
  2 adders (D:2)
  3 giant cockroaches
  3 goblins (D:1)
  7 hobgoblins
  3 jackals (D:1)
  7 kobolds
  A quokka (D:2)
  4 bats
  5 giant geckos
  2 giant newts (D:1)
  3 rats
40 creatures vanquished.

Notes
Turn   | Place    | Note
--------------------------------------------------------------
     0 | D:1      | JogiH, the Djinni Enchanter, began the quest for the Orb.
     0 | D:1      | Reached XP level 1. HP: 14/14 MP: 0/0
   187 | D:1      | Reached skill level 1 in Short Blades
   235 | D:1      | Reached skill level 4 in Hexes
   271 | D:1      | Reached XP level 2. EP: 16/21
   307 | D:1      | Learned a level 2 spell: Sure Blade
  1174 | D:2      | Reached XP level 3. EP: 15/27
  1927 | D:2      | Learned a level 1 spell: Summon Small Mammal
  1929 | D:2      | Learned a level 1 spell: Animate Skeleton
  1961 | D:2      | Noticed Sigmund
  2044 | D:3      | Reached skill level 1 in Fighting
  2182 | D:3      | Slain by an orc

Action                   || total
-------------------------++-------
Melee: Dagger            ||   247
 Cast: Sure Blade        ||     1
       Animate Skeleton  ||     3
       Corona            ||     3
       Summon Small Mamm ||     1
 Stab: Sleeping          ||     1
